 Dungeon Crawl Stone Soup version 0.20-a0-809-gaf7f668 (webtiles) character file.

514 Firecrotchwizard the Slasher (level 7, -1/46 HPs)
             Began as an Octopode Fighter on Mar 3, 2017.
             Slain by iishen's ghost (7 damage)
             ... on level 4 of the Dungeon.
             The game lasted 00:08:05 (3369 turns).

Firecrotchwizard the Slasher (Octopode Fighter)     Turns: 3369, Time: 00:08:06

Health: -1/46      AC:  1    Str: 15    XL:     7   Next: 20%
Magic:  7/7        EV: 13    Int: 10    God:
Gold:   170        SH:  9    Dex: 14    Spells: 6/6 levels left

rFire    . . .     SeeInvis .   a - +0 long sword
rCold    + . .     Gourm    .   b - +0 shield
rNeg     . . .     Faith    .   (helmet restricted)
rPois    +         Spirit   .   (no amulet)
rElec    .         Reflect  .   h - ring of poison resistance
rCorr    .         Harm     .   p - ring of stealth
MR       .....                  w - ring of protection from cold
Stlth    +++.......             (no ring)
Regen    0.2/turn               (no ring)
MPRegen  0.1/turn               (no ring)
                                (no ring)
                                (no ring)

@: no status effects
A: almost no armour, stealthy swim, amphibious, 8 rings, constrict 8, camouflage
1, gelatinous body 1
a: no special abilities


You were on level 4 of the Dungeon.
You were not hungry.

You visited 1 branch of the dungeon, and saw 4 of its levels.

You collected 170 gold pieces.

Inventory:

Hand Weapons
 a - a +0 long sword (weapon)
Missiles
 x - 2 throwing nets (quivered)
Armour
 b - a +0 shield (worn)
Jewellery
 h - a ring of poison resistance (left tentacle)
 l - an uncursed ring of ice
 p - a ring of stealth (right tentacle)
 r - an uncursed ring of ice
 w - a ring of protection from cold (on tentacle)
Wands
 m - a wand of flame (26/48)
Scrolls
 e - 7 scrolls of remove curse {unknown}
 f - 4 scrolls of identify {unknown}
 i - 2 scrolls of teleportation {unknown}
 k - 2 scrolls of magic mapping {unknown}
 n - a scroll of recharging {unknown}
 o - a scroll of fog {unknown}
 q - a scroll of blinking {unknown}
Potions
 c - a potion of might
 s - a potion of invisibility {unknown}
 t - a potion of heal wounds {unknown}
 v - 2 potions of magic {unknown}
 z - a potion of berserk rage {unknown}
 A - a potion of curing {unknown}
Comestibles
 d - 2 bread rations
 g - 5 meat rations
 j - 4 fruits
 u - 3 royal jellies


   Skills:
 - Level 3.0 Fighting
 * Level 6.4 Long Blades
 + Level 5.1 Dodging
 - Level 3.0 Shields


You had 6 spell levels left.
You didn't know any spells.

Dungeon Overview and Level Annotations

Branches:
Dungeon (4/15)
 Temple: D:4-7

Altars:
Kikubaaqudgha
Okawaru
Trog

Annotations:
D:4 iishen's ghost, amateur OpWr


Innate Abilities, Weirdness & Mutations

You cannot wear most types of armour.
You are very stealthy in the water. (Stealth+)
You are amphibious.
You can wear up to eight rings at the same time.
You can use your tentacles to constrict eight enemies at once.
Your skin changes colour to match your surroundings (Stealth+).
Your rubbery body absorbs attacks. (AC +1, EV +1)


Message History

Iishen's ghost barely misses you.
You riposte.
You hit iishen's ghost.
Iishen's ghost is severely damaged.
You block the quokka's attack.
You barely miss iishen's ghost.
Iishen's ghost is severely damaged.
Iishen's ghost hits you!
* * * LOW HITPOINT WARNING * * *
You block the quokka's attack. Iishen's ghost hits you.
* * * LOW HITPOINT WARNING * * *
You barely miss iishen's ghost. Your squeeze misses iishen's ghost.
Iishen's ghost is severely damaged.
You block the quokka's attack.
Iishen's ghost whispers, "Death is liberation."
Iishen's ghost hits you.
* * * LOW HITPOINT WARNING * * *
You block the quokka's attack.
You completely miss iishen's ghost.
Iishen's ghost is severely damaged.
You block the quokka's attack. Iishen's ghost hits you!
You die...

..........<.#########
..............#
........#.#####
........#.# .......#..#
# .......# # .. ....#
###### ...# #Wr#
######.....
.....#@$#####......###.
#....#.....#######..
###....##### ##.....
#.#...# ###..##..
...##.............)
..##.##..#####.####..
.. ..###...##..#.)..# )
.....#.....#..#### ##.
#....#....##


You could see iishen's ghost and a quokka.

Vanquished Creatures
  An ogre (D:4)
  A howler monkey (D:4)
  4 hounds
  3 orc priests
  An orc wizard (D:4)
  2 worker ants (D:4)
  2 adders (D:3)
  A shadow imp (D:4)
  An ooze (D:3)
  3 worms
  3 dart slugs
  2 leopard geckos
  6 orcs
  5 bats
  2 giant cockroaches
  6 goblins
  10 hobgoblins
  6 jackals
  8 kobolds
  A quokka (D:4)
  A ball python (D:4)
  3 frilled lizards
  6 rats
78 creatures vanquished.

Notes
Turn   | Place    | Note
-------+----------+-------------------------------------------
     0 | D:1      | Firecrotchwizard the Octopode Fighter began the quest for the Orb.
     0 | D:1      | Reached XP level 1. HP: 16/16 MP: 1/1
     6 | D:1      | Noticed a black mamba
     6 | D:1      | Noticed a wolf
     6 | D:1      | Noticed a polar bear
     6 | D:1      | Noticed a killer bee
     6 | D:1      | Noticed a swamp drake
   135 | D:1      | Reached XP level 2. HP: 20/21 MP: 2/2
   830 | D:1      | Reached XP level 3. HP: 26/26 MP: 3/3
   892 | D:2      | Reached skill level 3 in Long Blades
  1967 | D:3      | Found an iron altar of Okawaru.
  1972 | D:3      | Reached XP level 4. HP: 19/31 MP: 4/4
  1975 | D:3      | Reached skill level 4 in Long Blades
  2412 | D:3      | Found a bloodstained altar of Trog.
  2431 | D:3      | Reached XP level 5. HP: 34/36 MP: 5/5
  2656 | D:4      | Noticed iishen's ghost (amateur OpWr)
  2804 | D:4      | Found an ancient bone altar of Kikubaaqudgha.
  2858 | D:4      | Reached skill level 5 in Long Blades
  2858 | D:4      | Noticed an ogre
  2866 | D:4      | Reached XP level 6. HP: 39/42 MP: 6/6
  3034 | D:4      | Reached skill level 6 in Long Blades
  3046 | D:4      | Reached skill level 5 in Dodging
  3046 | D:4      | Reached XP level 7. HP: 21/46 MP: 7/7
  3369 | D:4      | Slain by iishen's ghost

Vault maps used:
D:1:      onia_arrival_zoo_common
D:2:      first_bread
D:3:      okawaru_ov_weapons_minmay, trog_hazing_becter
D:4:      kennysheep_little_box, kiku_gazebo_pond_becter,
          yredelemnul_altar_generic

Skill      XL: |  1  2  3  4  5  6 |
---------------+-------------------+-----
Long Blades    | 3 4 5 6 |  6.4
Dodging        | 4 5 |  5.1
Fighting       | |  3.0
Shields        | |  3.0

Action                   |  1- 3 |  4- 6 |  7- 9 || total
-------------------------+-------+-------+-------++-------
Melee: Long sword        |    63 |    77 |    28 ||   168
       Tentacles         |    10 |    21 |     7 ||    38
       Constrict         |    19 |    26 |     2 ||    47
Throw: Throwing net      |       |     2 |       ||     2
 Stab: Sleeping          |     5 |     6 |       ||    11
       Distracted        |     1 |       |       ||     1
  Eat: Chunk             |     2 |     4 |     1 ||     7
       Fruit             |     1 |       |       ||     1
Armor: Skin              |     3 |     3 |       ||     6
Dodge: Dodged            |    21 |    49 |    23 ||    93
Block: Shield            |    21 |    61 |    18 ||   100
       Rpst.: Long sword |     9 |    17 |     7 ||    33
